 Dungeon Crawl Stone Soup version 0.29.1-1-gd02db6906a (webtiles) character file.

Game seed: 6612052799101383430

9 Ashen the Chiller (level 2, 20/20 HPs)
             Began as a Demonspawn Ice Elementalist on Sept 25, 2022.
             Got out of the dungeon alive.
             The game lasted 00:01:14 (669 turns).

Ashen the Chiller (Demonspawn Ice Elementalist)      Turns: 669, Time: 00:01:14

Health: 20/20      AC:  2    Str:  8    XL:     2   Next: 3%
Magic:  5/5        EV: 12    Int: 16    God:
Gold:   30         SH:  0    Dex: 13    Spells: 4/5 levels left

rFire   . . .      SeeInvis .   c - +0 quarterstaff
rCold   . . .      Faith    .   (shield currently unavailable)
rNeg    . . .      Spirit   .   a - +0 robe
rPois   .          Reflect  .   (no helmet)
rElec   .          Harm     .   (no cloak)
rCorr   .          Rampage  .   (no gloves)
Will    .....                   (no boots)
Stlth   ++........              (no amulet)
HPRegen 0.06/turn               (no ring)
MPRegen 0.09/turn               (no ring)

@: no status effects
A: hooves 1
a: no special abilities


You escaped.
You visited 1 branch of the dungeon, and saw 1 of its levels.

You collected 30 gold pieces.

Inventory:

Hand Weapons
 c - a +0 quarterstaff (weapon)
Armour
 a - a +0 robe (worn)
Scrolls
 d - a scroll of noise {unknown}
Potions
 b - a potion of magic
 e - a potion of might {unknown}


   Skills:
 + Level 0.4 Fighting
 + Level 1.9 Dodging
 + Level 1.9 Stealth
 * Level 2.1 Spellcasting
 * Level 3.7 Ice Magic


You had 4 spell levels left.
You knew the following spells:

 Your Spells              Type           Power      Damage    Failure   Level
a - Freeze                Ice            52%        1d7       4%          1

Your spell library contained the following spells:

 Spells                   Type           Power      Damage    Failure   Level
 Frozen Ramparts          Ice            26%        1d4       13%         3
 Ozocubu's Armour         Ice            13%        N/A       13%         3
 Hailstorm                Conj/Ice       7%         3d4       67%         4


Dungeon Overview and Level Annotations

Branches:
Dungeon (1/15)

Altars:


Innate Abilities, Weirdness & Mutations

You have large cloven feet.


Message History

The goblin shouts!
The goblin hits you but does no damage.
You miss the goblin. The goblin hits you with a +0 club.
You hit the goblin.
You kill the goblin!
No target in view!
Annotate which branch? (. - D:1, ? - help, ! - show branch list)
Okay, then.
Unknown command.
Things that are here:
a +0 club; a goblin corpse
d - a scroll labelled NASTAI NOSEAC
Found a stone staircase leading down.
e - a fizzy yellow potion No target in view!
A dart slug comes into view.
A dart slug is nearby!
Found a book of Touch.
The dart slug bites you.
You thump the dart slug!
The dart slug is almost dead.
Casting: Freeze (safe; 4% risk of failure)
Confirm with . or Enter, or press ? or * to list all spells.
Aiming: Freeze (safe; 4% risk of failure)
Press: ? - help, Shift-Dir - straight line, f - dart slug
Aim: a dart slug (almost dead)
You freeze the dart slug.
You kill the dart slug!
You have reached level 2!
You feel monstrous as your demonic heritage exerts itself.
Your demonic ancestry asserts itself...
Your feet thicken and deform.
Found 7 gold pieces.
You now have 30 gold pieces (gained 4).
Found a falchion.
You open the door.
There is an open door here.
There is a staircase leading out of the dungeon here.
Are you sure you want to leave the Dungeon?
This will make you lose the game!
You have escaped!

##.# #.# ####'####
#.## ##PP#.#PP## #..#
##P~~#.#..P####.#
##P~~~#.#PPPP###.###
#P~~~~#.#..PPP#....#
#P~~~~#.#..P.P#....#
#######.#######....#
+......@......'....#
#######.#######....#
#PP...#.#~~~~P#..####
#P....#.#~~~~P#.....#
##PP..#.#~~~P###.##.#
##P.P#.#~~P## #.##.#
##PP#.#PP## ..##.#
####+#### #####.####
#.#####.....


There were no monsters in sight!

Vanquished Creatures
  A dart slug (D:1)
  A bat (D:1)
  An endoplasm (D:1)
  A goblin (D:1)
  A quokka (D:1)
  A rat (D:1)
6 creatures vanquished.

Notes
Turn   | Place    | Note
-------+----------+-------------------------------------------
     0 | D:1      | Ashen the Demonspawn Ice Elementalist began the quest for
                  | the Orb.
     0 | D:1      | Reached XP level 1. HP: 13/13 MP: 3/3
   613 | D:1      | Discovered your monstrous ancestry.
   613 | D:1      | Gained mutation: You have large cloven feet. [demonic
                  | ancestry]
   613 | D:1      | Reached XP level 2. HP: 19/20 MP: 3/5
   669 | D:$      | Got out of the dungeon alive.

Illustrated notes

Levels and vault maps discovered:
D:1:      psy_arrival_terrarium, layout_loops_cross,
          ebering_ecumenical_altar_box, nicolae_kite_square_tiling_tiny

Action                   || total
-------------------------++-------
Melee: Unarmed           ||     4
       Quarterstaff      ||     3
 Cast: Freeze            ||     9
Armor: Robe              ||     7
Dodge: Dodged            ||    10
